 Dungeon Crawl Stone Soup version 0.28-a0-1235-g7c8fac35f0 (webtiles) character file.

Game seed: 14669406243640808947

0 Gargoyl the Skirmisher (level 1, -5/23 HPs)
             Began as a Gnoll Abyssal Knight on Dec 25, 2021.
             Was an Initiate of Lugonu.
             Slain by a kobold (13 damage)
             ... on level 1 of the Dungeon.
             The game lasted 00:00:26 (130 turns).

Gargoyl the Skirmisher (Gnoll Abyssal Knight)        Turns: 130, Time: 00:00:27

Health: -5/23      AC:  8    Str: 12    XL:     1   Next: 10%
Magic:  3/3        EV: 12    Int:  9    God:    Lugonu [......]
Gold:   29         SH:  0    Dex: 12    Spells: 0/0 levels left

rFire   . . .      SeeInvis .   a - +1 hand axe
rCold   . . .      Faith    .   (no shield)
rNeg    . . .      Spirit   .   b - +0 leather armour
rPois   .          Reflect  .   (no helmet)
rElec   .          Harm     .   e - +0 cloak
rCorr   .          Rampage  .   (no gloves)
Will    .....                   (no boots)
Stlth   +.........              (no amulet)
HPRegen 0.07/turn               c - +4 ring of protection
MPRegen 0.08/turn               (no ring)

@: no status effects
A: fangs 1, strong nose, distributed training
a: Renounce Religion


You were on level 1 of the Dungeon.
You worshipped Lugonu.
Lugonu was noncommittal.
You visited 1 branch of the dungeon, and saw 1 of its levels.
You visited the Abyss 1 time.

You collected 29 gold pieces.

Inventory:

Hand Weapons
 a - a +1 hand axe (weapon)
Armour
 b - a +0 leather armour (worn)
 e - a +0 cloak (worn)
Jewellery
 c - a +4 ring of protection (left hand)
Potions
 d - a potion of curing {unknown}


   Skills:
 + Level 6.4 Fighting
 + Level 0.0 Short Blades
 + Level 0.0 Long Blades
 + Level 4.4 Axes
 + Level 0.0 Maces & Flails
 + Level 0.0 Polearms
 + Level 0.0 Staves
 + Level 0.0 Slings
 + Level 0.0 Bows
 + Level 0.0 Crossbows
 + Level 0.0 Throwing
 + Level 4.4 Armour
 + Level 2.3 Dodging
 + Level 0.0 Stealth
 + Level 0.0 Shields
 + Level 0.0 Unarmed Combat
 + Level 0.0 Spellcasting
 + Level 0.0 Conjurations
 + Level 0.0 Hexes
 + Level 0.0 Summonings
 + Level 0.0 Necromancy
 + Level 0.0 Translocations
 + Level 0.0 Transmutations
 + Level 0.0 Fire Magic
 + Level 0.0 Ice Magic
 + Level 0.0 Air Magic
 + Level 0.0 Earth Magic
 + Level 0.0 Poison Magic
 + Level 4.4 Invocations
 + Level 0.0 Evocations


You couldn't memorise any spells.
You didn't know any spells.
Your spell library was empty.

Dungeon Overview and Level Annotations

Branches:
Dungeon (1/15)

Altars:


Innate Abilities, Weirdness & Mutations

You have very sharp teeth.
Your uncanny sense of smell can sniff out nearby items.
Your experience applies equally to all skills.


Message History

Found 21 bolts.
c - a +4 ring of protection
c - a +4 ring of protection (left hand)
You now have 5 gold pieces.
Found a leather armour.
You now have 11 gold pieces (gained 6).
A starcursed mass comes into view.
You now have 25 gold pieces (gained 14).
An apocalypse crab comes into view.
Found 4 gold pieces.
You now have 29 gold pieces (gained 4).
A fire bat comes into view.
You pass through the gate.
You can no longer depart the Abyss at will.
There is a staircase leading out of the dungeon here.
Magic restored.
Found a short sword.
Found a cloak and 18 bolts.
d - a fuming emerald potion
Found 8 gold pieces.
You see here a +0 cloak.
e - a +0 cloak You start putting on your armour.
You continue putting on your +0 cloak. x4
You finish putting on your +0 cloak.
A kobold comes into view.
It is wielding a +3 whip of electrocution.
Found a scroll labelled WAOTOE ZANOH.
The kobold shouts!
You hear a shout!
A goblin comes into view. It is wielding a +0 club.
You hit the goblin.
You kill the goblin!
Lugonu accepts your kill.
You hit the kobold but do no damage.
The kobold hits you with a +3 whip of electrocution.
You are electrocuted!
Unknown command.
You hit the kobold but do no damage.
The kobold hits you with a +3 whip of electrocution.
You are electrocuted!
Ouch! That really hurt!
You die...

########### ####....
..?.#...
................).
..(.#..#....#...
#).K...#........
#@#...#........
#..####......#
#...........#
.#######...........##
$..$......###.##.....
..#.....##.....# .
#....#.....<.#
#.....##.....#
..........###.##..


You could see a kobold.

Vanquished Creatures
  A goblin (D:1)
1 creature vanquished.

Notes
Turn   | Place    | Note
-------+----------+-------------------------------------------
     0 | Abyss:1  | Gargoyl the Gnoll Abyssal Knight began the quest for the
                  | Orb.
     0 | Abyss:1  | Reached XP level 1. HP: 23/23 MP: 3/3
    59 | Abyss:1  | Noticed a starcursed mass
    84 | Abyss:1  | Noticed an apocalypse crab
    93 | Abyss:1  | Noticed a fire bat
    95 | D:1      | Escaped the Abyss
   130 | D:1      | Slain by a kobold

Illustrated notes

Levels and vault maps discovered:
D:1:      erik_arrival_blinker_ship, layout_basic,
          shapermc_ecumenical_altar_mp_urbaneastern, hex_medium

Action                   || total
-------------------------++-------
Melee: Hand axe          ||     2
Invok: Depart the Abyss  ||     1

Table legend: (Time is in decaauts)
 A = Elapsed time spent in this place.
 B = Non-inter-level travel time spent in this place.
 C = Inter-level travel time spent in this place.
 D = Time resting spent in this place.
 E = Time spent auto-exploring this place.
 F = Levels seen in this place.
 G = Mean time per level.
                   A        B        C        D        E       F      G
               +--------+--------+--------+--------+--------+-----+--------+
         Total |    129 |    129 |      0 |      0 |     67 |   2 |   64.5 |
       Dungeon |     34 |     34 |      0 |      0 |     15 |   1 |   34.0 |
         Abyss |     94 |     94 |      0 |      0 |     52 |   1 |   94.0 |
               +--------+--------+--------+--------+--------+-----+--------+

Top non-repeatable levels by time:
 Abyss:1: 94 daAuts
     D:1: 34 daAuts
